SAA
IRVING BLUE SOX @ SALEM MISFITS
06/16/2031
 
TOP OF THE 1ST
Irving Blue Sox batting - Pitching for Salem Misfits : RHP Enrique Valle
Pitching: RHP Enrique Valle
Batting: LHB Ed Gordon 0-0: Called Strike
0-1: Ground out U3 (Groundball, 3)
Batting: LHB Mike Clifton 0-0: Foul Ball, location: 2F
0-1: Ball
1-1: Hit by Pitch
Batting: LHB Juan Jimínez 0-0: Ball
1-0: Foul Ball, location: 2F
1-1: Ball
2-1: Swinging Strike
2-2: DOUBLE (Line Drive, 7LM)
Mike Clifton to third
Batting: RHB Scott Donlan 0-0: Ball
1-0: Ball
2-0: 3-RUN HOME RUN (Flyball, 7D), Distance : 400 ft
Batting: RHB Luis Jelarde 0-0: Ball
1-0: Foul Ball, location: 2F
1-1: Ground out 5-3 (Groundball, 5)
Batting: RHB Juan Salinas 0-0: Called Strike
0-1: Ball
1-1: Foul Ball, location: 2F
1-2: SINGLE (Line Drive, 7S)
Batting: RHB Scotty Smalls 0-0: Ball
1-0: Fly out, F9 (Flyball, 89M)
Top of the 1st over - 3 runs, 3 hits, 0 errors, 1 left on base; Irving 3 - Salem 0
BOTTOM OF THE 1ST
Salem Misfits batting - Pitching for Irving Blue Sox : RHP Pedro Adame
Pitching: RHP Pedro Adame
Batting: LHB José Cuervo 0-0: Ball
1-0: Called Strike
1-1: Ball
2-1: Ball
3-1: Ground out U3 (Groundball, 34)
Batting: LHB Donatas Montiejunas 0-0: Ball
1-0: Called Strike
1-1: Ground out 3-1 (Groundball, 3S)
Batting: LHB Jesús Lazcano 0-0: Called Strike
0-1: Called Strike
0-2: Ball
1-2: Ball
2-2: Ground out U3 (Groundball, 3L)
Bottom of the 1st over - 0 runs, 0 hits, 0 errors, 0 left on base; Irving 3 - Salem 0
TOP OF THE 2ND
Irving Blue Sox batting - Pitching for Salem Misfits : RHP Enrique Valle
Batting: RHB Enrique Gómez 0-0: Ball
1-0: Ball
2-0: SINGLE (Flyball, 7S)
Batting: RHB Rafael Delgado 0-0: Called Strike
0-1: SINGLE (Groundball, 4MD)
Enrique Gómez to second
Batting: LHB Ed Gordon 0-0: Ball
1-0: Foul Ball, location: 2F
1-1: Foul Ball, location: 2F
1-2: Ball
2-2: Ball
3-2: Strikes out looking
Batting: LHB Mike Clifton 0-0: Called Strike
0-1: Ball
Enrique Gómez steals 3rd base
Rafael Delgado to second
1-1: Ball
2-1: SINGLE (Groundball, 34D)
Enrique Gómez scores
Rafael Delgado to third
Runner from 3rd tries for Home, SAFE, throw made home
Batting: LHB Juan Jimínez 0-0: Ball
1-0: Ball
2-0: SINGLE (Line Drive, 89S)
Mike Clifton to second
Batting: RHB Scott Donlan 0-0: Ball
1-0: Foul Ball, location: 2F
1-1: Ball
2-1: Called Strike
2-2: Foul Ball, location: 2F
2-2: Ball
3-2: Foul Ball, location: 2F
3-2: 3-RUN HOME RUN (Flyball, 78XD), Distance : 422 ft
Batting: RHB Luis Jelarde 0-0: Ball
1-0: Called Strike
1-1: Foul Ball, location: 2F
1-2: SOLO HOME RUN (Flyball, 7D), Distance : 388 ft
Batting: RHB Juan Salinas 0-0: Foul Ball, location: 2F
0-1: Ground out 6-3 (Groundball, 6)
Batting: RHB Scotty Smalls 0-0: Ball
1-0: Called Strike
1-1: Called Strike
1-2: Strikes out swinging
Top of the 2nd over - 6 runs, 6 hits, 0 errors, 0 left on base; Irving 9 - Salem 0
BOTTOM OF THE 2ND
Salem Misfits batting - Pitching for Irving Blue Sox : RHP Pedro Adame
Batting: RHB Akke Derksen 0-0: Called Strike
0-1: Ball
1-1: Ground out 5-3 (Groundball, 5S)
Batting: RHB Bob Petiet 0-0: Ball
1-0: Called Strike
1-1: Swinging Strike
1-2: Ball
2-2: Ground out 4-3 (Groundball, 4S)
Batting: RHB César Ramos 0-0: Ball
1-0: Swinging Strike
1-1: Ball
2-1: Ball
3-1: Base on Balls
Batting: LHB Tyler Knopp Pickoff Throw to First - Error! E1
César Ramos to second
0-0: Called Strike
0-1: Ball
1-1: Fly out, F8 (Flyball, 8LD)
Bottom of the 2nd over - 0 runs, 0 hits, 1 error, 1 left on base; Irving 9 - Salem 0
TOP OF THE 3RD
Irving Blue Sox batting - Pitching for Salem Misfits : RHP Enrique Valle
Batting: RHB Enrique Gómez 0-0: Called Strike
0-1: Called Strike
0-2: Ball
1-2: Ball
2-2: Strikes out swinging
Batting: RHB Rafael Delgado 0-0: Called Strike
0-1: Ground out 6-3 (Groundball, 6D)
Batting: LHB Ed Gordon 0-0: SINGLE (Line Drive, 89S)
Batting: LHB Mike Clifton 0-0: Called Strike
Ed Gordon steals 2nd base
0-1: Foul Ball, location: 2F
0-2: Ball
1-2: Strikes out looking
Top of the 3rd over - 0 runs, 1 hit, 0 errors, 1 left on base; Irving 9 - Salem 0
BOTTOM OF THE 3RD
Salem Misfits batting - Pitching for Irving Blue Sox : RHP Pedro Adame
Batting: RHB Jorge Gómez 0-0: Ball
1-0: Called Strike
1-1: Fly out, F6 (Line Drive, 6)
Batting: RHB Atanza Vongor 0-0: Called Strike
0-1: Foul Ball, location: 2F
0-2: Strikes out swinging
Batting: LHB José Cuervo 0-0: Ball
1-0: SINGLE (Line Drive, 9S)
Batting: LHB Donatas Montiejunas Pickoff Throw to First - Out!
Bottom of the 3rd over - 0 runs, 1 hit, 0 errors, 0 left on base; Irving 9 - Salem 0
TOP OF THE 4TH
Irving Blue Sox batting - Pitching for Salem Misfits : RHP Enrique Valle
Batting: LHB Juan Jimínez 0-0: Called Strike
0-1: Ball
1-1: Ground out U3 (Groundball, 34)
Batting: RHB Scott Donlan 0-0: Ball
1-0: Foul Ball, location: 2F
1-1: Ball
2-1: Foul Ball, location: 2F
2-2: Ball
3-2: Foul Ball, location: 2F
3-2: Base on Balls
Batting: RHB Luis Jelarde 0-0: Ball
1-0: Called Strike
1-1: Grounds into double play, 6-4-3 (Groundball, 6)
Top of the 4th over - 0 runs, 0 hits, 0 errors, 0 left on base; Irving 9 - Salem 0
BOTTOM OF THE 4TH
Salem Misfits batting - Pitching for Irving Blue Sox : RHP Pedro Adame
Batting: LHB Donatas Montiejunas 0-0: Swinging Strike
0-1: Foul Ball, location: 2F
0-2: Ball
1-2: Strikes out looking
Batting: LHB Jesús Lazcano 0-0: Fly out, F8 (Flyball, 8LM)
Batting: RHB Akke Derksen 0-0: Ground out 6-3 (Groundball, 6)
Bottom of the 4th over - 0 runs, 0 hits, 0 errors, 0 left on base; Irving 9 - Salem 0
TOP OF THE 5TH
Irving Blue Sox batting - Pitching for Salem Misfits : RHP Enrique Valle
Batting: RHB Juan Salinas 0-0: Ball
1-0: Foul Ball, location: 2F
1-1: Swinging Strike
1-2: Ball
2-2: Foul Ball, location: 2F
2-2: Strikes out swinging
Batting: RHB Scotty Smalls 0-0: Ball
1-0: Called Strike
1-1: Swinging Strike
1-2: Ball
2-2: Foul Ball, location: 2F
2-2: Strikes out looking
Batting: RHB Enrique Gómez 0-0: Swinging Strike
0-1: Ball
1-1: Ball
2-1: SINGLE (Groundball, 56D)
Batting: RHB Rafael Delgado 0-0: Ball
1-0: Ball
2-0: Fly out, F8 (Flyball, 8RS)
Top of the 5th over - 0 runs, 1 hit, 0 errors, 1 left on base; Irving 9 - Salem 0
BOTTOM OF THE 5TH
Salem Misfits batting - Pitching for Irving Blue Sox : RHP Pedro Adame
Batting: RHB Bob Petiet 0-0: Called Strike
0-1: Ball
1-1: Ball
2-1: Ground out 5-3 (Groundball, 56)
Batting: RHB César Ramos 0-0: Foul Ball, location: 2F
0-1: Ball
1-1: Fly out, F6 (Line Drive, 6M)
Batting: LHB Tyler Knopp 0-0: Ball
1-0: Foul Ball, location: 2F
1-1: Ground out 6-3 (Groundball, 6D)
Bottom of the 5th over - 0 runs, 0 hits, 0 errors, 0 left on base; Irving 9 - Salem 0
TOP OF THE 6TH
Irving Blue Sox batting - Pitching for Salem Misfits : RHP Enrique Valle
Batting: LHB Ed Gordon 0-0: SINGLE (Line Drive, 4M)
Batting: LHB Mike Clifton 0-0: Ball
1-0: Foul Ball, location: 2F
1-1: Grounds into double play, 4-6-3 (Groundball, 4)
Batting: LHB Juan Jimínez 0-0: Ground out 4-3 (Groundball, 4)
Top of the 6th over - 0 runs, 1 hit, 0 errors, 0 left on base; Irving 9 - Salem 0
BOTTOM OF THE 6TH
Salem Misfits batting - Pitching for Irving Blue Sox : RHP Pedro Adame
Batting: RHB Jorge Gómez 0-0: Ground out 4-3 (Groundball, 4)
Batting: RHB Atanza Vongor 0-0: Called Strike
0-1: Foul Ball, location: 2F
0-2: Strikes out swinging
Batting: LHB José Cuervo 0-0: Ball
1-0: Foul Ball, location: 2F
1-1: Called Strike
1-2: Ground out 6-3 (Groundball, 6MD)
Bottom of the 6th over - 0 runs, 0 hits, 0 errors, 0 left on base; Irving 9 - Salem 0
TOP OF THE 7TH
Irving Blue Sox batting - Pitching for Salem Misfits : RHP Enrique Valle
Batting: RHB Scott Donlan 0-0: Ball
1-0: Ball
2-0: Foul Ball, location: 2F
2-1: Ball
3-1: Base on Balls
Batting: RHB Luis Jelarde 0-0: Foul Ball, location: 2F
0-1: Foul Ball, location: 2F
0-2: Ball
1-2: SINGLE (Groundball, 6D)
Scott Donlan to second
Pitching: LHP Rob Murphy
Batting: RHB Juan Salinas 0-0: Called Strike
0-1: Swinging Strike
0-2: Foul Ball, location: 2F
0-2: Ball
1-2: Foul Ball, location: 2F
1-2: Ball
2-2: Ball
3-2: Fly out, F7 (Flyball, 7)
Batting: RHB Scotty Smalls 0-0: Fly out, F8 (Flyball, 8LD)
Batting: RHB Enrique Gómez 0-0: Ball
1-0: Swinging Strike
1-1: Swinging Strike
1-2: Ground out 5-3 (Groundball, 56S)
Top of the 7th over - 0 runs, 1 hit, 0 errors, 2 left on base; Irving 9 - Salem 0
BOTTOM OF THE 7TH
Salem Misfits batting - Pitching for Irving Blue Sox : RHP Pedro Adame
Batting: LHB Donatas Montiejunas 0-0: Swinging Strike
0-1: Ball
1-1: Swinging Strike
1-2: Strikes out looking
Batting: LHB Jesús Lazcano 0-0: Reached on error, E4 (Groundball, 4)
Batting: RHB Akke Derksen 0-0: Called Strike
0-1: DOUBLE (Line Drive, 89XD)
Jesús Lazcano to third
Runner from 3rd tries for Home, SAFE, no throw
Batting: RHB Bob Petiet 0-0: Ball
1-0: Ball
2-0: Foul Ball, location: 2F
2-1: Foul Ball, location: 2F
2-2: Foul Ball, location: 2F
2-2: Ball
3-2: DOUBLE (Line Drive, 78D)
Akke Derksen scores
Batting: RHB César Ramos 0-0: Called Strike
0-1: Foul Ball, location: 2F
0-2: Foul Ball, location: 2F
0-2: Foul Ball, location: 2F
0-2: Ball
1-2: Ball
2-2: Hit by Pitch
Batting: LHB Tyler Knopp 0-0: Swinging Strike
0-1: Ball
1-1: Foul Ball, location: 2F
1-2: Strikes out swinging
Batting: RHB Jorge Gómez 0-0: Ball
1-0: Ball
2-0: SINGLE (Line Drive, 7S)
Bob Petiet to third
César Ramos to second
Batting: RHB Atanza Vongor 0-0: Called Strike
0-1: Fly out, F8 (Flyball, 78XD)
Bottom of the 7th over - 2 runs, 3 hits, 1 error, 3 left on base; Irving 9 - Salem 2
TOP OF THE 8TH
Irving Blue Sox batting - Pitching for Salem Misfits : LHP Rob Murphy
Pinch Hitting: LHB Phil Beck 0-0: Called Strike
0-1: Foul Ball, location: 2F
0-2: Ball
1-2: Strikes out swinging
Batting: LHB Ed Gordon 0-0: Swinging Strike
0-1: Ball
1-1: Foul Ball, location: 2F
1-2: Ball
2-2: Ball
3-2: Foul Ball, location: 2F
3-2: Strikes out looking
Batting: LHB Mike Clifton 0-0: Called Strike
0-1: Called Strike
0-2: Ball
1-2: Ball
2-2: Ball
3-2: Foul Ball, location: 2F
3-2: Foul Ball, location: 2F
3-2: SINGLE (Groundball, 6MD)
Batting: LHB Juan Jimínez 0-0: Ball
1-0: Foul Ball, location: 2F
1-1: Ball
2-1: Ground out 1-3 (Groundball, P)
Top of the 8th over - 0 runs, 1 hit, 0 errors, 1 left on base; Irving 9 - Salem 2
BOTTOM OF THE 8TH
Salem Misfits batting - Pitching for Irving Blue Sox : RHP Pedro Adame
Now at 1B: Armando Becerra
Batting: LHB José Cuervo 0-0: Called Strike
0-1: Swinging Strike
0-2: Ball
1-2: Foul Ball, location: 2F
1-2: Ground out 6-3 (Groundball, 6)
Batting: LHB Donatas Montiejunas 0-0: Fly out, F6 (Line Drive, 6M)
Batting: LHB Jesús Lazcano 0-0: Ground out 5-3 (Groundball, 56S)
Bottom of the 8th over - 0 runs, 0 hits, 0 errors, 0 left on base; Irving 9 - Salem 2
TOP OF THE 9TH
Irving Blue Sox batting - Pitching for Salem Misfits : LHP Rob Murphy
Batting: RHB Scott Donlan 0-0: Ball
1-0: Foul Ball, location: 2F
1-1: Ball
2-1: Ball
3-1: Base on Balls
Batting: RHB Luis Jelarde 0-0: Ball
1-0: Ball
2-0: Swinging Strike
2-1: Ball
3-1: SINGLE (Groundball, 6MD)
Scott Donlan to second
Batting: RHB Juan Salinas 0-0: Ball
1-0: Called Strike
1-1: Ball
2-1: Foul Ball, location: 2F
2-2: SINGLE (Line Drive, 56D)
Scott Donlan to third
Luis Jelarde to second
Batting: RHB Scotty Smalls 0-0: Fly out, F8 (Flyball, 89S)
Runner from 3rd tags up, SCORES, throw made
Batting: RHB Enrique Gómez 0-0: Foul Ball, location: 2F
0-1: Foul Ball, location: 2F
0-2: SINGLE (Line Drive, 89S)
Luis Jelarde to third
Juan Salinas to second
Batting: LHB Armando Becerra 0-0: Called Strike
0-1: Swinging Strike
0-2: SINGLE (Line Drive, 4)
Luis Jelarde scores
Juan Salinas to third
Enrique Gómez to second
Batting: LHB Ed Gordon 0-0: Called Strike
0-1: Ball
1-1: Ball
2-1: Foul Ball, location: 2F
2-2: Ball
3-2: Base on Balls
Juan Salinas scores
Enrique Gómez to third
Armando Becerra to second
Batting: LHB Mike Clifton 0-0: Fly out, F4 (Popup, 4D)
Batting: LHB Juan Jimínez 0-0: Foul Ball, location: 2F
0-1: Foul Ball, location: 2F
0-2: Ball
1-2: Ball
2-2: SINGLE (Flyball, 8RS)
Enrique Gómez scores
Armando Becerra to third
Ed Gordon to second
Runner from 3rd tries for Home, SAFE, no throw
Batting: RHB Scott Donlan 0-0: 3-RUN HOME RUN (Line Drive, 9D), Distance : 380 ft
Batting: RHB Luis Jelarde 0-0: Foul Ball, location: 2F
0-1: Foul Ball, location: 2F
0-2: Ball
1-2: Ball
2-2: Foul Ball, location: 2F
2-2: Fly out, F6 (Popup, 6S)
Top of the 9th over - 8 runs, 6 hits, 0 errors, 0 left on base; Irving 17 - Salem 2
BOTTOM OF THE 9TH
Salem Misfits batting - Pitching for Irving Blue Sox : RHP Pedro Adame
Batting: RHB Akke Derksen 0-0: Fly out, F7 (Flyball, 7LM)
Batting: RHB Bob Petiet 0-0: Called Strike
0-1: SINGLE (Line Drive, 7LS)
Batting: RHB César Ramos 0-0: Ball
1-0: Foul Ball, location: 2F
1-1: Swinging Strike
1-2: Ball
2-2: Strikes out swinging
Batting: LHB Tyler Knopp 0-0: Called Strike
0-1: Ball
1-1: SINGLE (Line Drive, 7S)
Bob Petiet to second
Batting: RHB Jorge Gómez 0-0: Called Strike
0-1: Ball
1-1: Hit by Pitch
Bob Petiet to third
Tyler Knopp to second
Batting: RHB Atanza Vongor 0-0: Fly out, F8 (Flyball, 89M)
Bottom of the 9th over - 0 runs, 2 hits, 0 errors, 3 left on base; Irving 17 - Salem 2
Tuesday, June 12th, 2018 - OOTP Baseball 18.8 Build 76